 Dungeon Crawl Stone Soup version 0.16-a0-2702-gfff482a (webtiles) character file.

41 PolkaDot the Caller (level 3, -2/26 HPs)
             Began as a Vampire Summoner on Nov 25, 2014.
             Killed from afar by Sigmund (11 damage)
             ... with a puff of flame
             ... on level 2 of the Dungeon.
             The game lasted 00:04:44 (1395 turns).

PolkaDot the Caller (Vampire Summoner)              Turns: 1395, Time: 00:04:44

Health: -2/26      AC:  4    Str:  7    XL:     3   Next: 32%
Magic:  1/6        EV:  9    Int: 18    God:
Gold:   137        SH:  3    Dex: 14    Spells: 2 memorised, 3 levels left

rFire  . . .     SeeInvis +     l - +2 rapier (vamp)
rCold  . . .     Clarity  .     j - +0 leather armour
rNeg   . . .     SustAb   .     e - +0 buckler (curse)
rPois  .         Gourm    .     (no helmet)
rElec  .         Spirit   .     p - +0 cloak
rCorr  .         Warding  .     (no gloves)
rMut   .         Stasis   .     (no boots)
MR     .....                    k - amulet of faith
Stlth  +++.......               (no ring)
                                (no ring)

@: regenerating very quickly, not resistant to hostile enchantments, fairly
stealthy
A: bottle blood, fangs 3, see invisible, unbreathing
a: no special abilities


You were on level 2 of the Dungeon.
You were almost alive.

You visited 1 branch of the dungeon, and saw 2 of its levels.

You collected 137 gold pieces.

Inventory:

Hand weapons
 l - a +2 vampiric rapier (weapon)
Armour
 a - a +0 robe
 e - a cursed +0 buckler (worn)
 j - a +0 leather armour (worn)
 p - a +0 cloak (worn)
Jewellery
 i - an uncursed ring of teleportation
 k - an amulet of faith (around neck)
Scrolls
 c - a scroll of enchant armour {unknown}
 f - 2 scrolls of identify {unknown}
 g - a scroll of random uselessness {unknown}
 h - a scroll of teleportation {unknown}
 o - a scroll of immolation {unknown}
Potions
 d - 2 potions of heal wounds {unknown}
 m - a potion of blood {@*1}
Books
 b - a book of Callings

   Spells                             Type                      Level
   *Summon Small Mammal               Summoning                    1
   *Call Imp                          Summoning                    2
   Call Canine Familiar               Summoning                    3
   Summon Guardian Golem              Hexes/Summoning              4
   Summon Lightning Spire             Summoning/Air                4
   Summon Ice Beast                   Ice/Summoning                4
 n - a book of Death

   Spells                             Type                      Level
   Corpse Rot                         Necromancy                   2
   Sublimation of Blood               Necromancy                   2
   Agony                              Necromancy                   5
   Dispel Undead                      Necromancy                   5
   Excruciating Wounds                Charms/Necromancy            5
   Bolt of Draining                   Conjuration/Necromancy       5


   Skills:
 - Level 1.2 Fighting
 * Level 1.5 Short Blades
 - Level 2.1 Dodging
 + Level 3.8 Stealth
 + Level 0.0 Shields
 - Level 2.0 Spellcasting
 - Level 4.2 Summonings


You had 3 spell levels left.
You knew the following spells:

 Your Spells              Type           Power        Failure   Level  Hunger
a - Summon Small Mammal   Summ           ###.         10%         1    #......
s - Call Imp              Summ           ###.....     12%         2    ###....


Dungeon Overview and Level Annotations

Branches:
Dungeon (2/15)

Altars:
Makhleb

Annotations:
D:2 Sigmund


Innate Abilities, Weirdness & Mutations

Your natural rate of healing is extremely fast.
You can bottle blood from corpses.
You have razor-sharp teeth.
You have supernaturally acute eyesight.
You can survive without breathing.


Message History

You closely miss Sigmund.
Sigmund is heavily wounded.
Your iron imp seems less confused.
Sigmund barely misses you.
Your crimson imp blinks!
You hit Sigmund.
You feel better.
Sigmund is severely wounded.
Sigmund hits you with a scythe!
* * * LOW HITPOINT WARNING * * *
You hit Sigmund.
Sigmund is almost dead.
The jackal barely misses your crimson imp.
You hit Sigmund but do no damage.
Sigmund is almost dead.
You block Sigmund's attack.
You barely miss Sigmund.
Sigmund is almost dead.
Sigmund points at you and mumbles some strange words.
The puff of flame hits you!
You die...

≈≈≈ #..≈≈#. ##..≈≈..
....h≈≈.# .....≈≈≈.##########
≈≈≈≈≈≈≈......##(<(##
≈≈≈≈≈≈...5...##.#..#####
#......5@.##.##....)####
#......5@.##.######.>..#
#####.###.##.## ####.#
#######.# #..#..# #.##
##...#.5.####..#.#### #...
##.........####....@.## ####
#...........#####.##..#### #
#.>.............#..##....# ##
#...............##..$###.###.


You could see Sigmund, a jackal, a friendly iron imp and 2 friendly crimson
imps.

Vanquished Creatures
  A giant gecko (D:1)
  5 bats
  A giant cockroach (D:1)
  5 goblins
  5 hobgoblins
  2 quokkas (D:2)
  A ball python (D:1)
  2 giant newts
  2 jackals (D:2)
  9 kobolds
  3 rats
36 creatures vanquished.

Vanquished Creatures (collateral kills)
  A hobgoblin (D:1)
  A kobold (D:1)
2 creatures vanquished.

Vanquished Creatures (others)
  A rat (D:1)
1 creature vanquished.

Grand Total: 39 creatures vanquished

Notes
Turn   | Place    | Note
--------------------------------------------------------------
     0 | D:1      | PolkaDot, the Vampire Summoner, began the quest for the Orb.
     0 | D:1      | Reached XP level 1. HP: 13/13 MP: 3/3
   152 | D:1      | Reached skill level 1 in Fighting
   307 | D:1      | Reached XP level 2. HP: 21/21 MP: 4/4
   325 | D:1      | Learned a level 2 spell: Call Imp
   487 | D:1      | Reached skill level 1 in Short Blades
   879 | D:2      | Noticed Sigmund
   926 | D:2      | Reached XP level 3. HP: 21/26 MP: 4/6
  1214 | D:2      | Found a burning altar of Makhleb.
  1395 | D:2      | Killed from afar by Sigmund

Action                   || total
-------------------------++-------
Melee: Unarmed           ||    37
       Dagger            ||    81
       Rapier            ||    26
 Cast: Summon Small Mamm ||     7
       Call Imp          ||     5
  Use: Potion            ||     3
       Scroll            ||     2
 Stab: Sleeping          ||     9
       Distracted        ||     1
  Eat: Corpse            ||    12
